 Dungeon Crawl Stone Soup version 0.32-a0-520-g344ed53f66 (webtiles) character file.

Game seed: 18397695951933178037

1017 Asceticacid the Basher (level 8, -1/40 HPs)
             Began as a Vine Stalker Fighter on Feb 28, 2024.
             Was a Follower of Ru.
             Killed by divine providence
             ... invoked by an orc priest
              (11 damage)
             ... on level 6 of the Dungeon.
             The game lasted 00:07:08 (4684 turns).

Asceticacid the Basher (Vine Stalker Fighter)       Turns: 4684, Time: 00:07:09

Health: -1/40      AC:  6    Str: 25    XL:     8   Next: 22%
Magic:  0/9        EV: 11    Int:  8    God:    Ru [*.....]
Gold:   159        SH:  5    Dex: 16    Spells: 7/7 levels left

rFire   . . .        x - +1 flail (protect)
rCold   . . .        c - +0 buckler
rNeg    . . .        e - +0 steam dragon scales
rPois   .            (no helmet)
rElec   .            (no cloak)
rCorr   .            (no gloves)
SInv    .            i - +0 pair of boots
Will    +....        u - amulet of regeneration
Stlth   +            j - +6 ring of strength
HPRegen 1.86/turn    (no ring)
MPRegen 0.11/turn

%: guardian spirit
@: no status effects
A: fangs 3, regeneration 1, magic shield, antimagic bite, no potion heal 2,
inability to drink after injury 2
a: Renounce Religion


You were on level 6 of the Dungeon.
You worshipped Ru.
Ru was aware of your devotion.
You visited 1 branch of the dungeon, and saw 6 of its levels.

You collected 489 gold pieces.
You spent 330 gold pieces at shops.

Inventory:

Hand Weapons
 x - a +1 flail of protection (weapon)
Armour
 c - a +0 buckler (worn)
 e - +0 steam dragon scales (worn)
 i - a +0 pair of boots (worn)
Jewellery
 j - a +6 ring of strength (left hand)
 l - an amulet of faith
 u - an amulet of regeneration (around neck)
Wands
 o - a wand of polymorph (6)
 t - a wand of flame (30)
Scrolls
 g - 3 scrolls of fog
 h - 3 scrolls of teleportation
Potions
 a - a potion of heal wounds
 b - 2 potions of magic
 d - 2 potions of might
 f - 2 potions of curing
 k - a potion of degeneration
 m - a potion of resistance
 p - 2 potions of brilliance {unknown}
 s - a potion of invisibility {unknown}
 w - a potion of attraction {unknown}
 z - a potion of cancellation {unknown}


   Skills:
 - Level 3.1 Fighting
 + Level 8.0 Maces & Flails
 - Level 3.1 Armour
 - Level 0.9 Dodging
 - Level 3.0 Shields


You had 7 spell levels left.
You didn't know any spells.
Your spell library contained the following spells:

 Spells                   Type           Power      Damage    Failure   Level
 Apportation              Tloc           0%         N/A       45%         1
 Necrotise                Necr           0%         1d4       45%         1
 Sting                    Conj/Alch      0%         1d3       45%         1
 Summon Small Mammal      Summ           0%         N/A       45%         1
 Call Canine Familiar     Summ           0%         N/A       83%         3
 Sigil of Binding         Hex            0%         N/A       83%         3
 Volatile Blastmotes      Fire/Tloc      0%         2d10      83%         3
 Dimensional Bullseye     Hex/Tloc       0%         N/A       99%         4
 Fulminant Prism          Conj/Alch      0%         3d5       99%         4
 Iskenderun's Mystic Bla  Conj/Tloc      0%         2d3       99%         4


Dungeon Overview and Level Annotations

Branches:
Dungeon (6/15)             Temple (0/1) D:4

Altars:
Fedhas
Ru

Shops:
D:2 =   D:6 !


Innate Abilities, Weirdness & Mutations

You have razor-sharp teeth.
Your natural rate of healing is unusually fast.
When hurt, damage is shared between your health and your magic reserves.
Your bite disrupts and absorbs the magic of your enemies.
Potions cannot restore your health.
You sometimes lose the ability to drink potions when taking damage.


Message History

The orc wizard closely misses you.
Okay, then.
You sock the orc wizard!
Your weapon exudes an aura of protection.
You kill the orc wizard!
Your Maces & Flails skill increases to level 8!
You sock the gnoll!
You kill the gnoll!
You hear some strange, mumbled words.
You are confused.
You're too confused to move!
The orc priest looks encouraged for a moment.
You're too confused to move!
The gnoll closely misses you. Something hits you but does no damage.
The orc priest calls down the wrath of Beogh upon you.
Beogh smites you! The gnoll hits you with a +0 club.
The orc priest mumbles some strange prayers to Beogh against you.
Pain shoots through your body!
* * * LOW HITPOINT WARNING * * *
Okay, then.
Your system rejects the healing.
You feel better. The gnoll hits you with a +0 club.
* * * LOW HITPOINT WARNING * * *
Something hits you.
* * * LOW HITPOINT WARNING * * *
Okay, then.
Okay, then.
Okay, then.
Okay, then.
Okay, then.
Okay, then.
Okay, then.
Okay, then.
Reactivating autopickup.
An orc wizard appears from thin air!
The orc priest invokes the aid of Beogh against you.
Beogh smites you!
You die...
Ru respects your ultimate sacrifice.

*,,,,,#......#............#
*,,,,,#......#............#
*,,,,,#......#............#
**,,,,#......#...####.##..#
******#......#.g.####.#####
,* #......#.og).....# ,*
*,,,,,,#.........# ,*
*,,,,,,#.go......# ,*
*,,,,,,#..@......# ,*
*,,,,,,########### **
********


You could see an orc priest, an orc wizard and 3 gnolls.

Vanquished Creatures
  A steam dragon (D:6)
  A water moccasin (D:6)
  An ice beast (D:6)
  3 scorpions
  A howler monkey (D:5)
  3 hounds
  A jelly (D:5)
  Ijyb (D:3)
  An orc wizard (D:6)
  3 iguanas
  2 hound zombies (D:3)
  A gnoll (D:6)
  Robin (D:4)
  5 adders
  An adder skeleton (D:3)
  3 dart slugs
  10 orcs
  6 ball pythons
  8 bats
  9 endoplasms
  8 giant cockroaches
  19 goblins
  9 hobgoblins
  9 jackals
  4 kobolds
  5 quokkas
  A ball python skeleton (D:3)
  A ball python zombie (D:3)
  3 frilled lizards
  2 quokka zombies (D:3)
  4 rats
127 creatures vanquished.

Notes
Turn   | Place    | Note
-------+----------+-------------------------------------------
     0 | D:1      | Asceticacid the Vine Stalker Fighter began the quest for
                  | the Orb.
     0 | D:1      | Reached XP level 1. HP: 11/11 MP: 2/2
    63 | D:1      | Reached XP level 2. HP: 15/16 MP: 1/3
   140 | D:1      | Reached skill level 2 in Maces & Flails
   250 | D:1      | Reached XP level 3. HP: 20/20 MP: 4/4
   477 | D:2      | Found Awiessuj's Jewellery Boutique.
   633 | D:2      | Reached XP level 4. HP: 24/24 MP: 5/5
  1474 | D:3      | Reached skill level 3 in Maces & Flails
  1524 | D:3      | Found a faded altar of an unknown god.
  1553 | D:3      | Prayed at the altar of an unknown god.
  1553 | D:3      | Became a worshipper of Ru the Awakened
  1563 | D:3      | Reached XP level 5. HP: 28/28 MP: 6/6
  1809 | D:3      | Noticed Ijyb
  1837 | D:3      | Killed Ijyb
  1838 | D:3      | Reached skill level 4 in Maces & Flails
  2114 | D:3      | Found a blossoming altar of Fedhas.
  2392 | D:4      | Reached XP level 6. HP: 32/32 MP: 7/7
  2594 | D:4      | Noticed Robin
  2607 | D:4      | Killed Robin
  2753 | D:4      | Found a staircase to the Ecumenical Temple.
  2941 | D:5      | Entered Level 5 of the Dungeon
  3150 | D:5      | Reached skill level 5 in Maces & Flails
  3286 | D:5      | Gained mutation: You occasionally lose the ability to drink
                  | potions when taking damage. [Ru sacrifice]
  3286 | D:5      | Gained mutation: You sometimes lose the ability to drink
                  | potions when taking damage. [Ru sacrifice]
  3286 | D:5      | Reached * piety under Ru
  3412 | D:5      | Reached XP level 7. HP: 34/36 MP: 8/8
  4155 | D:5      | Reached skill level 6 in Maces & Flails
  4374 | D:6      | Noticed a steam dragon
  4382 | D:6      | Killed a steam dragon
  4383 | D:6      | Reached skill level 7 in Maces & Flails
  4476 | D:6      | Gained mutation: You have razor-sharp teeth. [Vine Stalker
                  | growth]
  4476 | D:6      | Reached XP level 8. HP: 33/40 MP: 9/9
  4493 | D:6      | Found Ufosom's Distillery.
  4510 | D:6      | Bought a potion of magic for 88 gold pieces
  4510 | D:6      | Bought a potion of magic for 88 gold pieces
  4510 | D:6      | Bought a potion of resistance for 110 gold pieces
  4510 | D:6      | Bought a potion of might for 44 gold pieces
  4677 | D:6      | Reached skill level 8 in Maces & Flails
  4684 | D:6      | Killed from afar by an orc priest

Illustrated notes

Levels and vault maps discovered:
D:1:      tarquinn_simple_flora_water_a, layout_basic
D:2:      layout_basic, serial_shops, shop, lemuel_flame_loot_1
D:3:      layout_loops_ring, amcnicky_altar_gilded, serial_undead,
          serial_undead_f, serial_undead_f, serial_undead_f, serial_undead_f,
          serial_undead_f, ebering_ecumenical_altar_mist, minmay_pentomino_pile,
          uniq_ijyb
D:4:      nicolae_cairo_tiling_large_dashed, layout_loops_ring,
          kennysheep_cross_room, uniq_robin
D:5:      layout_basic
D:6:      layout_gridville, grunt_temple_overflow_diamond, gammafunk_ghost_icy,
          serial_shops, shop, grunt_ministairs_14, uniq_duvessa

Skill      XL: |  1  2  3  4  5  6  7  8 |
---------------+-------------------------+-----
Maces & Flails | 2 3 4 5 7 8 |  8.0
Fighting       | 3 |  3.1
Shields        | 3 |  3.0
Armour         | 3 |  3.1
Dodging        | |  0.9

Action                     |  1- 3 |  4- 6 |  7- 9 || total
---------------------------+-------+-------+-------++-------
  Melee: Flail             |    92 |   223 |    69 ||   384
         Bite              |    21 |    43 |    23 ||    87
 Invoke: Reject Sacrifices |       |     1 |       ||     1
         Sacrifice Drink   |       |     1 |       ||     1
  Evoke: Wand              |       |       |     4 ||     4
    Use: Scroll            |     4 |       |     9 ||    13
         Potion            |       |       |     1 ||     1
 Armour: Scale mail        |    87 |   140 |    26 ||   253
         Skin              |       |    13 |       ||    13
         Steam dragon scal |       |       |    32 ||    32
  Dodge: Dodged            |    49 |   116 |    30 ||   195
         Repelled          |       |       |     1 ||     1
  Block: Buckler           |    19 |    40 |    17 ||    76

Table legend: (Time is in decaauts)
 A = Elapsed time spent in this place.
 B = Non-inter-level travel time spent in this place.
 C = Inter-level travel time spent in this place.
 D = Time resting spent in this place.
 E = Time spent auto-exploring this place.
 F = Levels seen in this place.
 G = Mean time per level.
                   A        B        C        D        E       F      G
               +--------+--------+--------+--------+--------+-----+--------+
         Total |   4776 |   4571 |    205 |     93 |   3331 |   6 |  796.0 |
       Dungeon |   4776 |   4571 |    205 |     93 |   3331 |   6 |  796.0 |
               +--------+--------+--------+--------+--------+-----+--------+

Top non-repeatable levels by time:
     D:5: 1380 daAuts
     D:2: 997 daAuts
     D:3: 945 daAuts
     D:4: 605 daAuts
     D:1: 472 daAuts
     D:6: 375 daAuts
